 Dungeon Crawl Stone Soup version 0.31.0-11-ge490571c62 (webtiles) character file.

Game seed: 16672268487613718577

359 Esekla the Slasher (level 6, -11/49 HPs)
             Began as a Barachi Cinder Acolyte on Jan 27, 2024.
             Was a High Priest of Ignis.
             Mangled by an iguana (13 damage)
             ... on level 5 of the Dungeon.
             The game lasted 00:20:17 (4876 turns).

Esekla the Slasher (Barachi Cinder Acolyte)         Turns: 4876, Time: 00:20:18

Health: -11/49     AC:  4    Str: 16    XL:     6   Next: 65%
Magic:  8/11       EV: 11    Int: 22    God:    Ignis [*****.]
Gold:   160        SH:  0    Dex:  7    Spells: 4/12 levels left

rFire   + . .        A - +7 sceptre of Torment {pain, torment}
rCold   . . .        (no shield)
rNeg    . . .        b - +0 robe
rPois   .            x - +0 helmet
rElec   .            D - +0 cloak
rCorr   .            (no gloves)
SInv    .            (no boots)
Will    .....        (no amulet)
Stlth   +            g - ring of wizardry
HPRegen 0.00/turn    p - +6 ring of intelligence
MPRegen 0.12/turn

%: wizardry (x1)
@: inhibited regen, slow
A: amphibious, slowness 1, strong legs 1, +LOS, inhibited regeneration,
MP-powered wands, noise suppression
a: Hop, Renounce Religion, Fiery Armour, Foxfire Swarm, Rising Flame


You were on level 5 of the Dungeon.
You worshipped Ignis.
Ignis was extremely pleased with you.
You visited 1 branch of the dungeon, and saw 6 of its levels.

You collected 160 gold pieces.

Inventory:

Hand Weapons
 a - a -1 falchion of flaming
 s - a +1 dagger of pain
 y - a +0 dagger of venom
 A - the +7 sceptre of Torment (weapon) {pain, torment}
   (You found it on level 3 of the Dungeon)
Missiles
 q - 5 curare-tipped darts
 r - 2 poisoned darts
 v - 5 boomerangs (quivered)
Armour
 b - a +0 robe (worn)
 x - a +0 helmet (worn)
 D - a +0 cloak (worn)
Jewellery
 g - a ring of wizardry (left hand)
 p - a +6 ring of intelligence (right hand)
Wands
 w - a wand of flame (18)
 B - a wand of mindburst (11)
Scrolls
 e - 3 scrolls of teleportation {unknown}
 f - 5 scrolls of identify {unknown}
 i - a scroll of immolation {unknown}
 j - 2 scrolls of noise
 u - a scroll of fog {unknown}
 E - a scroll of brand weapon {unknown}
Potions
 c - a potion of brilliance {unknown}
 d - a potion of mutation
 h - a potion of lignification {unknown}
 k - 2 potions of attraction {unknown}
 l - a potion of invisibility {unknown}
 m - 2 potions of enlightenment {unknown}
 n - a potion of curing {unknown}
 o - 2 potions of heal wounds {unknown}
 t - a potion of magic {unknown}
 z - a potion of might {unknown}
 C - a potion of degeneration {unknown}


   Skills:
 * Level 4.4 Fighting
 * Level 5.3 Long Blades
 + Level 1.5 Dodging
 + Level 0.3 Stealth
 * Level 3.9 Spellcasting
 * Level 0.7 Necromancy
 * Level 0.1 Translocations
 + Level 4.4 Fire Magic


You had 4 spell levels left.
You knew the following spells:

 Your Spells              Type           Power      Damage    Failure   Level
b - Blink                 Tloc           8%         N/A       6%          2
o - Scorch                Fire           46%        2d6       1%          2
u - Dispel Undead         Necr           7%         3d8       32%         4

Your spell library contained the following spells:

 Spells                   Type           Power      Damage    Failure   Level
 Kiss of Death            Conj/Necr      20%        2d7       4%          1
 Volatile Blastmotes      Fire/Tloc      28%        2d12      5%          3
 Lesser Beckoning         Tloc           8%         N/A       6%          2
 Momentum Strike          Conj/Tloc      8%         3d8       7%          2
 Confusing Touch          Hex            4%         N/A       14%         3
 Hailstorm                Conj/Ice       4%         3d5       14%         3
 Summon Ice Beast         Ice/Summ       4%         N/A       14%         3
 Iskenderun's Mystic Bla  Conj/Tloc      4%         2d3       38%         4
 Fulminant Prism          Conj/Alch      2%         3d5       41%         4
 Sculpt Simulacrum        Ice/Alch       2%         N/A       99%         6


Dungeon Overview and Level Annotations

Branches:
Dungeon (6/15)
 Temple: D:4-7

Altars:


Innate Abilities, Weirdness & Mutations

You are amphibious.
You cover ground slowly.
You can hop short distances.
You have an extended range of vision and can be seen from far away.
You do not regenerate when monsters are visible.
You expend magic power (3 MP) to strengthen your wands.
You passively dampen the noise of your surroundings.


Message History

Found a scroll labelled ARUSENGENWEM.
Things that are here:
a +0 whip; a +0 robe
There is an escape hatch in the ceiling here.
A mysterious force pulls you upwards. The hatch slams shut behind you.
You hear the hiss of flowing sand.
There is an entrance to an ossuary on this level.
Hurry and find it before the portal is buried!
You hear the slow hiss of an avalanche of sand very nearby.
The orc priest shouts!
The orc wizard shouts!
The iguana hisses angrily.
The orc wizard hits you but does no damage.
Found a purple potion.
The orc priest looks encouraged for a moment.
The orc wizard hits you but does no damage.
The orc wizard gestures wildly while chanting.
The orc wizard flickers and vanishes!
Deactivating autopickup; reactivate with Ctrl-A.
Your -1 falchion of flaming stops flaming.
A terrible, searing pain shoots up your arm!
A - the +7 sceptre of Torment (weapon)
{pain, torment} You puncture the orc!
Something is bathed in an unholy light!
The orc convulses!
The orc priest convulses!
You kill the orc!
The orc priest calls down the wrath of Beogh upon you.
Beogh smites you!
The orc priest mumbles some strange prayers to Beogh against you.
Beogh smites you!
Okay, then.
The orc priest calls down the wrath of Beogh upon you.
Beogh smites you!
* * * LOW HITPOINT WARNING * * *
As you read the scroll labelled GUFANK RIYN, it crumbles to dust.
You hear a loud clanging noise!
It was a scroll of noise.
The iguana bites you!
* * * LOW HITPOINT WARNING * * *
It was a potion of mutation.
You feel extremely strange.
Your regeneration stops near monsters.
You feel your magical essence link to the dungeon's wands.
You feel your surroundings grow quieter.
The iguana bites you!
You die...

.... .## ....
... .... .. #..
.. #.. . +.#.# #
#.#.# #. ##...#
#.. #.@#
#.#######l##
#.......)##
#......o..#
#.......o.#
#!........####
#.####.#.......
#...............
#...............


You could see an iguana and an orc priest.

Vanquished Creatures
  Crazy Yiuf (D:3)
  A gnoll bouda (D:6)
  A sleepcap (D:4)
  An iguana (D:4)
  An orc wizard (D:3)
  Natasha (thrice) (D:3)
  Robin (D:2)
  5 adders
  A white imp (D:6)
  A dart slug (D:3)
  2 ribbon worms (D:2)
  9 orcs
  6 ball pythons
  7 endoplasms
  6 hobgoblins
  5 jackals (D:2)
  A quokka (D:3)
  4 frilled lizards
  14 goblins
  4 kobolds
  5 rats
79 creatures vanquished.

Notes
Turn   | Place    | Note
-------+----------+-------------------------------------------
     0 | D:1      | Esekla the Barachi Cinder Acolyte began the quest for the
                  | Orb.
     0 | D:1      | Reached XP level 1. HP: 18/18 MP: 2/2
   299 | D:1      | Reached XP level 2. HP: 23/25 MP: 3/3
   302 | D:1      | Learned a level 2 spell: Scorch
   395 | D:1      | Reached skill level 4 in Long Blades
  1201 | D:2      | Reached XP level 3. HP: 20/30 MP: 1/5
  1730 | D:2      | You fall into a shaft and drop 1 floor!
  1733 | D:3      | Noticed Robin
  1989 | D:3      | Reached XP level 4. HP: 36/37 MP: 6/6
  2004 | D:3      | Reached skill level 1 in Dodging
  2906 | D:2      | Killed Robin
  2974 | D:2      | Reached skill level 5 in Long Blades
  3127 | D:3      | Reached XP level 5. HP: 42/42 MP: 5/8
  3281 | D:3      | Noticed Natasha
  3290 | D:3      | Killed Natasha
  3391 | D:3      | Noticed Natasha
  3396 | D:3      | Killed Natasha
  3467 | D:3      | Found the +7 sceptre of Torment {pain, torment}
  3484 | D:3      | Found a runed translucent door.
  3485 | D:3      | Noticed Crazy Yiuf
  3508 | D:3      | Noticed Natasha
  3512 | D:3      | Killed Natasha
  3639 | D:3      | Reached XP level 6. HP: 48/48 MP: 4/11
  4691 | D:3      | Killed Crazy Yiuf
  4754 | D:5      | Entered Level 5 of the Dungeon
  4796 | D:5      | Noticed a wraith
  4826 | D:6      | Learned a level 2 spell: Blink
  4831 | D:6      | Learned a level 4 spell: Dispel Undead
  4875 | D:5      | HP: 2/49 [iguana (11)]
  4876 | D:5      | Gained mutation: You do not regenerate when monsters are
                  | visible. [potion of mutation]
  4876 | D:5      | Gained mutation: You expend magic power (3 MP) to
                  | strengthen your wands. [potion of mutation]
  4876 | D:5      | Gained mutation: You passively dampen the noise of your
                  | surroundings. [potion of mutation]
  4876 | D:5      | Mangled by an iguana

Illustrated notes

Levels and vault maps discovered:
D:1:      amcnicky_arrival_abandoned_market, layout_basic
D:2:      layout_rooms, minmay_parallelograms
D:3:      layout_basic, uniq_robin, uniq_natasha, uniq_crazy_yiuf_cottage
D:4:      layout_layer_cave
D:5:      layout_basic, nicolae_qazlal_general_emergency,
          minmay_temple_entry_large_hall, mainiacjoe_ossuary_entry_dusty_tomb
D:6:      layout_cave_pools, lemuel_tele_altar, serial_glass, glass_columns_b,
          glass_columns_a

Skill      XL: |  1  2  3  4  5 |
---------------+----------------+-----
Long Blades    | 4 5 |  5.3
Dodging        | 1 |  1.5
Spellcasting   | 2 3 |  3.9
Fighting       | 4 |  4.4
Fire Magic     | 4 |  4.4
Stealth        | |  0.3
Necromancy     | |  0.7
Translocations | |  0.1

Action                     |  1- 3 |  4- 6 || total
---------------------------+-------+-------++-------
  Melee: Falchion          |    74 |    49 ||   123
         Dagger            |       |    21 ||    21
         Eveningstar       |       |     1 ||     1
   Cast: Scorch            |    16 |    52 ||    68
Ability: Hop               |       |     3 ||     3
    Use: Scroll            |       |     1 ||     1
         Potion            |       |     1 ||     1
 Armour: Robe              |    65 |   101 ||   166
  Dodge: Dodged            |    38 |    81 ||   119
